 Dungeon Crawl Stone Soup version 0.21.1-1-g345015f (webtiles) character file.

314 nuthulu the Skirmisher (level 6, -3/40 HPs)
             Began as a Gargoyle Fighter on Mar 23, 2018.
             Killed by divine providence
             ... invoked by an orc priest
              (16 damage)
             ... on level 3 of the Dungeon.
             The game lasted 00:06:59 (3306 turns).

nuthulu the Skirmisher (Gargoyle Fighter)           Turns: 3306, Time: 00:07:01

Health: -3/40      AC: 11    Str: 21    XL:     6   Next: 43%
Magic:  6/6        EV:  7    Int:  8    God:
Gold:   197        SH:  9    Dex: 10    Spells: 5/5 levels left

rFire    . . .     SeeInvis .   n - +0 flail (crush)
rCold    . . .     Gourm    .   c - +0 shield
rNeg     + . .     Faith    .   b - +0 scale mail
rPois    ∞         Spirit   .   (no helmet)
rElec    +         Reflect  .   (no cloak)
rCorr    .         Harm     .   (no gloves)
MR       .....                  (no boots)
Stlth    ..........             (no amulet)
HPRegen  0.13/turn              (no ring)
MPRegen  0.10/turn              (no ring)

@: no status effects
A: negative energy resistance 1, electricity resistance, unbreathing,
petrification resistance, rot immunity, AC +4
a: no special abilities


You were on level 3 of the Dungeon.
You were not hungry.

You visited 1 branch of the dungeon, and saw 3 of its levels.
You also visited: Sewer.

You collected 197 gold pieces.

Inventory:

Hand Weapons
 a - a +0 flail
 n - a +0 flail of crushing (weapon)
Armour
 b - a +0 scale mail (worn)
 c - a +0 shield (worn)
Scrolls
 j - a scroll of amnesia
 l - 2 scrolls of teleportation
Potions
 d - 2 potions of might
 e - a potion of lignification
 g - 2 potions of ambrosia
 h - a potion of curing
 i - a potion of heal wounds {unknown}
 m - a potion of magic {unknown}
Comestibles
 f - 8 rations
 k - 4 chunks of flesh


   Skills:
 - Level 5.1 Fighting
 + Level 4.8 Maces & Flails
 - Level 3.2 Armour
 + Level 4.4 Shields


You had 5 spell levels left.
You didn't know any spells.

Dungeon Overview and Level Annotations

Branches:
Dungeon (3/15)

Altars:
Hepliaklqana
Kikubaaqudgha
Xom


Innate Abilities, Weirdness & Mutations

You are resistant to torment.
Your stone body is resilient. (AC +4)
You are immune to poison.
You resist negative energy. (rN+)
You are resistant to electric shocks. (rElec)
You can survive without breathing.
You are immune to petrification.
You are immune to rotting.


Message History

The orc priest shouts!
The orc priest casts a cantrip, but nothing happens.
The orc wizard hits you but does no damage.
You hit the orc wizard but do no damage.
The orc wizard hits you but does no damage. x2
You closely miss the orc wizard.
The orc priest mumbles some strange prayers to Beogh against you.
Beogh smites you!
The orc wizard hits you but does no damage.
You thump the orc wizard!
The orc wizard is heavily wounded.
The orc priest calls down the wrath of Beogh upon you.
Beogh smites you! You block the orc wizard's attack.
You hit the orc wizard.
The orc wizard is almost dead.
The orc priest calls down the wrath of Beogh upon you.
Beogh smites you! The orc wizard barely misses you.
The orc priest mumbles some strange prayers to Beogh against you.
Beogh smites you!
You die...

#.# #>.... ... #......
##.### #.# #..... # #.###
#.# #.... .# #.... #.#
#.......# ##### #.#
.....o.... # #.# #.#...##.#
# ##.#####.#....#.# #
#.......@o......# #
###.#.####.##...#.# #
#..........##.(##.#########
#.###.###.........##.).)).>
#. #.# #.##.#.......######
##.###'###......#######
#..###_'....###.#
#..###'###..# #(# #. #.#
#..# #)# #######


You could see an orc priest and an orc wizard.

Vanquished Creatures
  An orc priest (D:3)
  3 orc wizards (D:3)
  Jessica (D:1)
  7 adders
  3 worms
  4 dart slugs
  3 leopard geckos (D:3)
  11 orcs (D:3)
  7 bats
  6 giant cockroaches
  8 goblins
  3 hobgoblins
  7 jackals (Sewer)
  10 kobolds
  A quokka (D:2)
  5 ball pythons
  5 frilled lizards
  5 rats
90 creatures vanquished.

Notes
Turn   | Place    | Note
-------+----------+-------------------------------------------
     0 | D:1      | nuthulu the Gargoyle Fighter began the quest for the Orb.
     0 | D:1      | Reached XP level 1. HP: 14/14 MP: 1/1
   153 | D:1      | Reached XP level 2. HP: 14/20 MP: 2/2
   486 | D:1      | Reached XP level 3. HP: 24/24 MP: 3/3
   723 | D:1      | Reached skill level 4 in Fighting
   806 | D:2      | Noticed Jessica
   833 | D:1      | Killed Jessica
  1078 | D:2      | Found a hazy altar of Hepliaklqana.
  1081 | D:2      | Found a shimmering altar of Xom.
  1081 | D:2      | Noticed an earth elemental
  1082 | D:2      | Noticed a spectral ugly thing
  1082 | D:2      | Noticed an earth elemental
  1094 | D:2      | Reached XP level 4. HP: 30/30 MP: 4/4
  1663 | D:3      | Found a glowing drain.
  1667 | Sewer    | Entered a sewer
  2264 | Sewer    | Reached XP level 5. HP: 26/34 MP: 5/5
  2633 | D:3      | Reached skill level 5 in Fighting
  2948 | D:3      | Reached XP level 6. HP: 30/40 MP: 6/6
  3281 | D:3      | Found an ancient bone altar of Kikubaaqudgha.
  3306 | D:3      | Killed from afar by an orc priest

Skill      XL: |  1  2  3  4  5  6 |
---------------+-------------------+-----
Fighting       | 4 5 |  5.1
Maces & Flails | 3 4 |  4.8
Shields        | 4 |  4.4
Armour         | |  3.2

Action                   |  1- 3 |  4- 6 || total
-------------------------+-------+-------++-------
Melee: Flail             |    84 |   360 ||   444
  Use: Scroll            |     3 |     6 ||     9
  Eat: Chunk             |     1 |     8 ||     9
Armor: Scale mail        |    47 |   249 ||   296
Dodge: Dodged            |    25 |   135 ||   160
Block: Shield            |    38 |   195 ||   233
